 Dungeon Crawl Stone Soup version 0.29-a0-823-gc37b1572da (webtiles) character file.

Game seed: 16553502282388309129

205 vineage the Trooper (level 5, 0/35 HPs)
             Began as a Gargoyle Fighter on July 8, 2022.
             Killed from afar by Natasha (9 damage)
             ... with a magic dart
             ... on level 3 of the Dungeon.
             The game lasted 00:02:56 (3875 turns).

vineage the Trooper (Gargoyle Fighter)              Turns: 3875, Time: 00:02:57

Health: 0/35       AC: 13    Str: 21    XL:     5   Next: 83%
Magic:  5/5        EV:  9    Int:  9    God:
Gold:   74         SH:  4    Dex:  9    Spells: 4/4 levels left

rFire   . . .      SeeInvis .   q - +0 morningstar
rCold   . . .      Faith    .   c - +0 buckler
rNeg    + . .      Spirit   .   b - +0 scale mail
rPois   ∞          Reflect  .   (no helmet)
rElec   +          Harm     .   l - +1 cloak
rCorr   .          Rampage  .   (no gloves)
Will    .....                   (no boots)
Stlth   ..........              (no amulet)
HPRegen 0.11/turn               (no ring)
MPRegen 0.09/turn               (no ring)

@: no status effects
A: sickness immunity, AC +4, negative energy resistance 1, electricity
resistance, torment resistance 1, petrification resistance
a: no special abilities


You were on level 3 of the Dungeon.
You visited 1 branch of the dungeon, and saw 3 of its levels.

You collected 74 gold pieces.

Inventory:

Hand Weapons
 a - a +0 flail
 q - a +0 morningstar (weapon)
Armour
 b - a +0 scale mail (worn)
 c - a +0 buckler (worn)
 l - a +1 cloak (worn)
Jewellery
 i - an amulet of the acrobat
Wands
 n - a wand of light (8)
Scrolls
 g - a scroll of fear
 k - a scroll of fog {unknown}
Potions
 d - 2 potions of might
 e - 2 potions of invisibility {unknown}
 f - 3 potions of curing {unknown}
 h - 2 potions of ambrosia {unknown}
 j - a potion of magic {unknown}
 m - a potion of attraction {unknown}
 o - 2 potions of flight {unknown}
 p - a potion of mutation {unknown}


   Skills:
 + Level 5.1 Fighting
 + Level 4.0 Maces & Flails
 - Level 3.7 Armour
 - Level 3.6 Shields


You had 4 spell levels left.
You didn't know any spells.
Your spell library contained the following spells:

 Spells                   Type           Power      Damage    Failure   Level
 Anguish                  Hex/Necr       0%         N/A       100%        4
 Enfeeble                 Hex            0%         N/A       100%        7


Dungeon Overview and Level Annotations

Branches:
Dungeon (3/15)

Altars:
Dithmenos

Annotations:
D:3 Natasha


Innate Abilities, Weirdness & Mutations

You are immune to sickness and miasma.
Your stone body is resilient. (AC +4)
You are immune to poison.
You resist negative energy. (rN+)
You are resistant to electric shocks. (rElec)
You are resistant to unholy torment.
You are immune to petrification.


Message History

You closely miss Natasha.
Natasha is severely wounded.
The shadow imp hits you but does no damage.
Natasha stares at you and mumbles some strange words.
You resist with some effort. The shadow imp closely misses you.
You barely miss Natasha.
Natasha is severely wounded.
You block Natasha's attack. The shadow imp gestures at you.
Pain shoots through your body! Natasha claws you.
You are too injured to fight recklessly!
You are too injured to fight recklessly!
You are too injured to fight recklessly!
You block the shadow imp's attack. Natasha claws you.
* * * LOW HITPOINT WARNING * * *
You puncture Natasha!
You kill Natasha!
Natasha growls in agony!
The shadow imp disappears in a puff of smoke!
Your Maces & Flails skill increases to level 4!
You start resting.
Natasha, Servant of Life and Death comes into view.
Natasha is nearby!
Natasha is nearby!
Natasha hisses angrily.
You are too injured to fight recklessly!
Natasha casts a spell at you.
The magic dart hits you but does no damage.
Natasha claws you.
You closely miss Natasha.
Natasha casts a spell.
Natasha closely misses you.
You closely miss Natasha. Natasha claws you.
* * * LOW HITPOINT WARNING * * *
You puncture Natasha!
Natasha is heavily wounded.
You block Natasha's attack.
Natasha stares at you and mumbles some strange words.
The magic dart hits you!
You die...

#......###........####
#......###.#..........
#..........##.........
#.......##..'.........
#........#.##.........
#####.......##.####.....#.
#........5..##.# #.....#.
#.#######h####.####.....#.
#.# #@........#.....#. #.#
#.........#.....'. #.#
#.........#.....#. #.#
#................. #†#
#................. #.#
#................. #.#
#.........#..)..#.
#.#########...#########.#.
#.........'...'.......#.##


You could see Natasha and a white imp (summoned).

Vanquished Creatures
  Jessica (D:3)
  Natasha (twice) (D:3)
  Terence (D:3)
  3 adders
  2 dart slugs
  2 orcs (D:3)
  2 ball pythons
  6 bats
  8 endoplasms
  A giant cockroach (D:3)
  5 goblins
  8 hobgoblins
  4 jackals (D:3)
  7 kobolds
  2 quokkas
  2 ball python skeletons (D:3)
  9 frilled lizards
  A giant cockroach zombie (D:3)
  6 rats
72 creatures vanquished.

Vanquished Creatures (others)
  A hobgoblin (D:3)
  A kobold (D:3)
2 creatures vanquished.

Grand Total: 74 creatures vanquished

Notes
Turn   | Place    | Note
-------+----------+-------------------------------------------
     0 | D:1      | vineage the Gargoyle Fighter began the quest for the Orb.
     0 | D:1      | Reached XP level 1. HP: 14/14 MP: 1/1
   401 | D:1      | Reached XP level 2. HP: 6/19 MP: 2/2
   852 | D:1      | Found a faded altar of an unknown god.
  1062 | D:1      | Reached XP level 3. HP: 17/23 MP: 3/3
  1851 | D:2      | Reached skill level 4 in Fighting
  1856 | D:2      | Reached XP level 4. HP: 20/29 MP: 4/4
  2505 | D:3      | Noticed Jessica
  2528 | D:3      | Killed Jessica
  2756 | D:3      | Reached XP level 5. HP: 33/34 MP: 5/5
  2816 | D:3      | Found a shadowy altar of Dithmenos.
  3108 | D:3      | Noticed Natasha
  3117 | D:3      | Killed Natasha
  3373 | D:3      | Noticed Terence
  3379 | D:3      | Killed Terence
  3522 | D:3      | Reached skill level 5 in Fighting
  3817 | D:3      | Noticed Natasha
  3830 | D:3      | Killed Natasha
  3868 | D:3      | Noticed Natasha
  3875 | D:3      | Killed from afar by Natasha

Illustrated notes

Levels and vault maps discovered:
D:1:      lightli_arrival_boilingwater, layout_loops_cross,
          shapermc_ecumenical_altar_mp_urbaneastern, minmay_lizard_pond
D:2:      layout_basic
D:3:      layout_basic, nicolae_dithmenos_the_darkroom, serial_undead,
          serial_undead_b, serial_undead_c, serial_undead_e, serial_undead_f,
          uniq_natasha, uniq_terence, uniq_jessica

Skill      XL: |  1  2  3  4  5 |
---------------+----------------+-----
Fighting       | 4 5 |  5.1
Maces & Flails | 3 4 |  4.0
Armour         | |  3.7
Shields        | |  3.6

Action                   |  1- 3 |  4- 6 || total
-------------------------+-------+-------++-------
Melee: Flail             |   121 |    96 ||   217
       Morningstar       |       |    25 ||    25
  Use: Scroll            |     4 |       ||     4
       Potion            |       |     1 ||     1
Armor: Scale mail        |    71 |    78 ||   149
Dodge: Dodged            |    71 |    67 ||   138
Block: Buckler           |    34 |    35 ||    69

Table legend: (Time is in decaauts)
 A = Elapsed time spent in this place.
 B = Non-inter-level travel time spent in this place.
 C = Inter-level travel time spent in this place.
 D = Time resting spent in this place.
 E = Time spent auto-exploring this place.
 F = Levels seen in this place.
 G = Mean time per level.
                   A        B        C        D        E       F      G
               +--------+--------+--------+--------+--------+-----+--------+
         Total |   3966 |   3721 |    245 |     38 |   3095 |   3 | 1322.0 |
       Dungeon |   3966 |   3721 |    245 |     38 |   3095 |   3 | 1322.0 |
               +--------+--------+--------+--------+--------+-----+--------+

Top non-repeatable levels by time:
     D:3: 1492 daAuts
     D:1: 1465 daAuts
     D:2: 1007 daAuts
